 Dungeon Crawl Stone Soup version 0.29-a0-330-g52719c12eb (webtiles) character file.

Game seed: 4487507712045095183

28 dohliylev the Grasshopper (level 2, 0/28 HPs)
             Began as a Troll Warper on May 30, 2022.
             Slain by Terence
             ... wielding a +2 falchion of holy wrath
              (7 damage)
             ... on level 2 of the Dungeon.
             The game lasted 00:01:22 (897 turns).

dohliylev the Grasshopper (Troll Warper)             Turns: 897, Time: 00:01:22

Health: 0/28       AC:  4    Str: 18    XL:     2   Next: 96%
Magic:  3/3        EV: 10    Int:  9    God:
Gold:   69         SH:  0    Dex:  9    Spells: 3/3 levels left

rFire   . . .      SeeInvis .     - Unarmed
rCold   . . .      Faith    .   (no shield)
rNeg    . . .      Spirit   .   a - +0 robe
rPois   .          Reflect  .   (helmet restricted)
rElec   .          Harm     .   (no cloak)
rCorr   .          Rampage  .   (gloves unavailable)
Will    .....                   (boots unavailable)
Stlth   +.........              (no amulet)
HPRegen 0.89/turn               (no ring)
MPRegen 0.08/turn               (no ring)

@: no status effects
A: large, unfitting armour, claws 3, regeneration 1, shaggy fur 1, tough skin 1
a: no special abilities


You were on level 2 of the Dungeon.
You visited 1 branch of the dungeon, and saw 2 of its levels.

You collected 69 gold pieces.

Inventory:

Missiles
 c - 7 boomerangs of dispersal (quivered)
Armour
 a - a +0 robe (worn)
Scrolls
 b - a scroll of blinking
 d - 3 scrolls of identify {unknown}
 e - a scroll of noise {unknown}
 f - a scroll of fear {unknown}
 g - a scroll of torment {unknown}
 h - a scroll of immolation {unknown}
 k - 2 scrolls of teleportation {unknown}
Potions
 i - a potion of attraction {unknown}
 j - a potion of curing {unknown}
 l - a potion of lignification {unknown}


   Skills:
 * Level 1.8 Fighting
 + Level 0.8 Throwing
 + Level 2.2 Dodging
 + Level 2.3 Unarmed Combat
 + Level 1.4 Spellcasting
 + Level 2.4 Translocations


You had 3 spell levels left.
You didn't know any spells.
Your spell library contained the following spells:

 Spells                   Type           Power      Damage    Failure   Level
 Blink                    Tloc           10%        N/A       21%         2
 Gell's Gravitas          Tloc           5%         N/A       36%         3
 Lesser Beckoning         Tloc           5%         N/A       36%         3
 Teleport Other           Tloc           5%         N/A       36%         3
 Manifold Assault         Tloc           5%         N/A       98%         5


Dungeon Overview and Level Annotations

Branches:
Dungeon (2/15)

Altars:

Annotations:
D:2 Terence


Innate Abilities, Weirdness & Mutations

You are too large for most types of armour.
You have claws for hands.
Your natural rate of healing is unusually fast.
You are covered in fur. (AC +1)
You have tough skin. (AC +1)


Message History

A kobold comes into view. It is wielding a +0 mace.
The goblin shouts!
Terence the Incautious comes into view.
He is wielding a +2 falchion of holy wrath and wearing a +2 scale mail of fire resistance.
Terence shouts!
You claw the goblin!
You kill the goblin!
You claw the kobold!
You kill the kobold!
Things that are here:
a +0 mace; a +0 club; a goblin corpse Terence barely misses you.
You claw Terence!
Terence is heavily wounded.
Terence hits you with a +2 falchion of holy wrath.
You completely miss Terence.
Terence is heavily wounded.
Terence hits you with a +2 falchion of holy wrath.
You barely miss Terence.
Terence is heavily wounded.
Terence barely misses you.
You scratch Terence but do no damage.
Terence is heavily wounded.
Terence says, "Don't bother to defend, it's senseless."
Terence misses you.
You scratch Terence but do no damage.
Terence is heavily wounded.
Terence hits you with a +2 falchion of holy wrath.
You closely miss Terence.
Terence is heavily wounded.
Terence hits you with a +2 falchion of holy wrath!
You closely miss Terence.
Terence is heavily wounded.
You closely miss Terence.
Terence is heavily wounded.
Terence hits you with a +2 falchion of holy wrath!
* * * LOW HITPOINT WARNING * * *
You are too injured to fight recklessly!
Terence attacks as you move away!
Terence hits you with a +2 falchion of holy wrath!
You die...

######### #.......#
######## ##.#...#.##
#......#
..........###.####.#
##.#...#..#......#.#
......@@)........#.#
##.########.#.##.#.#
#.#)...#.#
#.#......#
#.#.##.### #......#
###†#### .....
#....## #......
#.###.#


You could see Terence.

Vanquished Creatures
  2 dart slugs
  An endoplasm (D:2)
  2 giant cockroaches
  4 goblins
  A hobgoblin (D:2)
  2 ball pythons (D:1)
  5 bats
  4 frilled lizards
  A kobold (D:2)
  2 rats (D:1)
24 creatures vanquished.

Notes
Turn   | Place    | Note
-------+----------+-------------------------------------------
     0 | D:1      | dohliylev the Troll Warper began the quest for the Orb.
     0 | D:1      | Reached XP level 1. HP: 19/19 MP: 1/1
   161 | D:1      | Reached XP level 2. HP: 28/28 MP: 3/3
   533 | D:1      | Found a faded altar of an unknown god.
   884 | D:2      | Noticed Terence
   897 | D:2      | Slain by Terence

Illustrated notes

Levels and vault maps discovered:
D:1:      evilmike_arrival_plus, layout_loops_ring,
          shapermc_ecumenical_altar_mp_vishouse
D:2:      layout_loops_cross, basic_altar, corexii_item_surrounded_by_moat,
          uniq_terence

Skill      XL: |  1 |
---------------+----+-----
Dodging        | 2 |  2.2
Fighting       | |  1.8
Throwing       | |  0.8
Unarmed Combat | |  2.3
Spellcasting   | |  1.4
Translocations | |  2.4

Action                   || total
-------------------------++-------
Melee: Unarmed           ||    68
       Punch             ||     1
Armor: Robe              ||    26
Dodge: Dodged            ||    39

Table legend: (Time is in decaauts)
 A = Elapsed time spent in this place.
 B = Non-inter-level travel time spent in this place.
 C = Inter-level travel time spent in this place.
 D = Time resting spent in this place.
 E = Time spent auto-exploring this place.
 F = Levels seen in this place.
 G = Mean time per level.
                   A        B        C        D        E       F      G
               +--------+--------+--------+--------+--------+-----+--------+
         Total |    894 |    865 |     29 |      0 |    669 |   2 |  447.0 |
       Dungeon |    894 |    865 |     29 |      0 |    669 |   2 |  447.0 |
               +--------+--------+--------+--------+--------+-----+--------+

Top non-repeatable levels by time:
     D:1: 720 daAuts
     D:2: 173 daAuts
